 Dungeon Crawl Stone Soup version 0.22-a0-571-g4a923d4 (webtiles) character file.

480 kae the Grave Robber (level 7, -2/46 HPs)
             Began as a Human Necromancer on July 1, 2018.
             Slain by a quasit (3 damage)
             ... on level 5 of the Dungeon.
             The game lasted 00:04:35 (5325 turns).

kae the Grave Robber (Human Necromancer)            Turns: 5325, Time: 00:04:35

Health: -2/46      AC:  2    Str:  8    XL:     7   Next: 34%
Magic:  11/13      EV:  2    Int: 18    God:
Gold:   266        SH:  0    Dex: -2 (13) Spells: 6/14 levels left

rFire    . . .     SeeInvis +   j - +0 whip (drain)
rCold    . . .     Gourm    +   (no shield)
rNeg     . . .     Faith    .   a - +0 robe
rPois    .         Spirit   .   (no helmet)
rElec    .         Reflect  .   (no cloak)
rCorr    .         Harm     .   (no gloves)
MR       .....                  (no boots)
Stlth    ..........             d - amulet of the gourmand
HPRegen  0.15/turn              k - ring of see invisible
MPRegen  0.13/turn              (no ring)

@: slowed, lost dexterity, very slow
A: no striking features
a: no special abilities


You were on level 5 of the Dungeon.
You were very full.

You visited 1 branch of the dungeon, and saw 5 of its levels.

You collected 266 gold pieces.

Inventory:

Hand Weapons
 j - a +0 whip of draining (weapon)
Armour
 a - a +0 robe (worn)
Jewellery
 d - an amulet of the gourmand (around neck)
 i - an uncursed ring of flight {unknown}
 k - a ring of see invisible (left hand)
 l - an uncursed amulet of faith {unknown}
 o - an uncursed ring of protection from cold {unknown}
Wands
 p - a wand of digging (12)
Scrolls
 b - 2 scrolls of random uselessness
 e - 2 scrolls of fog {unknown}
 f - 3 scrolls of teleportation
 m - a scroll of blinking {unknown}
 q - a scroll of enchant armour {unknown}
 r - a scroll of identify
 t - a scroll of immolation {unknown}
 u - a scroll of magic mapping {unknown}
Potions
 g - a potion of haste
 h - 2 potions of lignification
 n - 3 potions of curing
Comestibles
 c - 7 rations


   Skills:
 - Level 2.0 Dodging
 - Level 2.0 Stealth
 + Level 4.1 Spellcasting
 * Level 7.2 Necromancy


You had 6 spell levels left.
You knew the following spells:

 Your Spells              Type           Power        Failure   Level  Hunger
a - Pain                  Necr           ####         1%          1    None
b - Animate Skeleton      Necr           N/A          1%          1    None
c - Vampiric Draining     Necr           ####......   2%          3    ###....
d - Regeneration          Chrm/Necr      ###.......   10%         3    ###....

Your spell library contained the following spells:

 Spells                   Type           Power        Failure   Level  Hunger
 Animate Dead             Necr           N/A          8%          4    ####...


Dungeon Overview and Level Annotations

Branches:
Dungeon (5/15)
 Temple: D:4-7

Altars:
Gozag
Trog

Annotations:
D:4 Sigmund


Message History

The quasit claws you but does no damage. x2
You miss the quasit.
The quasit is moderately wounded.
The quasit bites you but does no damage.
The quasit barely misses you. The quasit claws you.
* * * LOW HITPOINT WARNING * * *
The quasit bites you.
* * * LOW HITPOINT WARNING * * *
The quasit claws you.
* * * LOW HITPOINT WARNING * * *
You feel clumsy. The quasit claws you.
* * * LOW HITPOINT WARNING * * *
Unknown command.
Unknown command.
Unknown command.
You closely miss the quasit.
The quasit is moderately wounded.
The quasit bites you.
You die...

.
....##########
......5@.....#
.............#
.............#
#...##....>..#
#.. #.......#
.. ..........
. ..........
...........


You could see a quasit.

Vanquished Creatures
  Blork the orc (D:4)
  A howler monkey (D:4)
  2 hounds (D:4)
  An orc priest (D:4)
  3 jellies (D:2)
  An orc wizard (D:4)
  Robin (D:2)
  2 adders (D:2)
  10 oozes
  A dart slug (D:3)
  2 leopard geckos (D:1)
  4 orcs (D:4)
  5 bats
  2 giant cockroaches (D:1)
  8 hobgoblins
  2 jackals (D:2)
  17 kobolds
  3 quokkas
  A ball python (D:3)
  2 frilled lizards (D:1)
  17 goblins
  13 rats
99 creatures vanquished.

Vanquished Creatures (collateral kills)
  A hobgoblin (D:2)
1 creature vanquished.

Vanquished Creatures (others)
  4 fungi (D:2)
  10 toadstools (D:2)
14 creatures vanquished.

Grand Total: 114 creatures vanquished

Notes
Turn   | Place    | Note
-------+----------+-------------------------------------------
     0 | D:1      | kae the Human Necromancer began the quest for the Orb.
     0 | D:1      | Reached XP level 1. HP: 13/13 MP: 3/3
   430 | D:1      | Reached XP level 2. HP: 10/19 MP: 0/5
   574 | D:1      | Learned a level 1 spell: Animate Skeleton
   871 | D:1      | Reached XP level 3. HP: 23/24 MP: 3/6
  1637 | D:2      | Reached XP level 4. HP: 27/30 MP: 7/7
  1665 | D:2      | Reached skill level 5 in Necromancy
  1996 | D:2      | Reached XP level 5. HP: 17/35 MP: 0/9
  2319 | D:2      | Reached skill level 6 in Necromancy
  2323 | D:2      | Reached XP level 6. HP: 36/41 MP: 9/11
  3046 | D:3      | Learned a level 3 spell: Vampiric Draining
  3050 | D:3      | Learned a level 3 spell: Regeneration
  3270 | D:3      | Noticed Robin
  3561 | D:2      | Killed Robin
  3816 | D:3      | Noticed an ice beast
  4072 | D:3      | You fall through a shaft!
  4105 | D:4      | Found a bloodstained altar of Trog.
  4106 | D:4      | Found an opulent altar of Gozag.
  4458 | D:4      | Reached XP level 7. HP: 27/46 MP: 10/12
  4615 | D:4      | Noticed Sigmund
  4738 | D:4      | Reached skill level 7 in Necromancy
  4831 | D:4      | Noticed Blork the orc
  4841 | D:4      | Killed Blork the orc
  5295 | D:5      | Entered Level 5 of the Dungeon
  5319 | D:5      | Lost dexterity.
  5324 | D:5      | HP: 2/46 [quasit (1)]
  5325 | D:5      | Slain by a quasit

Vault maps used:
D:1:      elethiomel_arrival_infinity_welcomes_careful_drivers,
          minmay_misc_feat_tower, minmay_misc_feat_plants,
          grunt_decor_resistance
D:2:      cheibrodos_fertilizer
D:3:      first_ration, uniq_robin, uniq_crazy_yiuf_cottage
D:4:      nicolae_gozag_seed_capital, bloody_trog, uniq_sigmund,
          uniq_blork_the_orc
D:5:      nicolae_ru_great_annihilating_truth

Skill      XL: |  1  2  3  4  5  6  7 |
---------------+----------------------+-----
Necromancy     | 5 6 7 |  7.2
Spellcasting   | 3 4 |  4.1
Dodging        | |  2.0
Stealth        | |  2.0

Action                   |  1- 3 |  4- 6 |  7- 9 || total
-------------------------+-------+-------+-------++-------
Melee: Unarmed           |     8 |       |       ||     8
       Whip              |     7 |   153 |    32 ||   192
 Cast: Pain              |    51 |    67 |     9 ||   127
       Animate Skeleton  |       |     2 |       ||     2
       Regeneration      |       |       |     2 ||     2
  Use: Potion            |       |     5 |       ||     5
       Scroll            |       |     4 |       ||     4
 Stab: Sleeping          |       |     5 |       ||     5
  Eat: Chunk             |     3 |    14 |     1 ||    18
       Ration            |       |     1 |       ||     1
Armor: Robe              |     8 |    20 |    30 ||    58
       Skin              |       |    13 |       ||    13
Dodge: Dodged            |    14 |   109 |    55 ||   178

Table legend:
 A = Spawn XP
 B = Non-spawn XP
 C = Spawn XP percentage of total XP
 D = Spawn monster count
 E = Non-spawn monster count
 F = Spawn count percentage of total count
 G = Total turns spent on level
                    A         B        C        D         E        F      G
               +---------+---------+-------+---------+---------+-------+---------
         Total |       0 |     687 |   0.0 |       0 |     100 |   0.0 |  5325
               +---------+---------+-------+---------+---------+-------+---------
           D:1 |       0 |      51 |   0.0 |       0 |      28 |   0.0 |  1408
           D:2 |       0 |     274 |   0.0 |       0 |      44 |   0.0 |  1897
           D:3 |       0 |      29 |   0.0 |       0 |      17 |   0.0 |   767
           D:4 |       0 |     333 |   0.0 |       0 |      11 |   0.0 |  1223
               +---------+---------+-------+---------+---------+-------+---------
